 Dungeon Crawl Stone Soup version 0.27-a0-1137-g3ef0f4ec91 (webtiles) character file.

Game seed: 16004700633946460476

207 kae the Slasher (level 5, -5/41 HPs)
             Began as a Demonspawn Abyssal Knight on May 6, 2021.
             Was a Believer of Lugonu.
             Slain by an ogre
             ... wielding a +0 giant spiked club
              (16 damage)
             ... on level 4 of the Dungeon.
             The game lasted 00:01:58 (4268 turns).

kae the Slasher (Demonspawn Abyssal Knight)         Turns: 4268, Time: 00:01:59

Health: -5/41      AC:  3    Str: 14    XL:     5   Next: 54%
Magic:  6/6        EV: 11    Int: 13    God:    Lugonu [**....]
Gold:   104        SH:  0    Dex: 12    Spells: 4/4 levels left

rFire    . . .     SeeInvis .   a - +1 falchion
rCold    . . .     Faith    .   (no shield)
rNeg     . . .     Spirit   .   b - +0 leather armour
rPois    .         Reflect  .   (no helmet)
rElec    .         Harm     .   (no cloak)
rCorr    .         Rampage  .   (no gloves)
Will     .....                  (no boots)
Stlth    +.........             (no amulet)
HPRegen  0.13/turn              (no ring)
MPRegen  0.10/turn              (no ring)

@: no status effects
A: hooves 2, powered by pain 1
a: Renounce Religion, Depart the Abyss, Bend Space


You were on level 4 of the Dungeon.
You worshipped Lugonu.
Lugonu was pleased with you.
You visited 1 branch of the dungeon, and saw 4 of its levels.
You visited the Abyss 1 time.

You collected 104 gold pieces.

Inventory:

Hand Weapons
 a - a +1 falchion (weapon)
Armour
 b - a +0 leather armour (worn)
Scrolls
 g - a scroll of identify
 h - a scroll of noise {unknown}
Potions
 c - a potion of lignification {unknown}
 d - 2 potions of magic {unknown}
 e - a potion of might
 f - a potion of haste {unknown}


   Skills:
 - Level 3.0 Fighting
 + Level 5.3 Long Blades
 - Level 1.7 Armour
 - Level 0.8 Dodging
 - Level 2.4 Invocations


You had 4 spell levels left.
You didn't know any spells.
Your spell library was empty.

Dungeon Overview and Level Annotations

Branches:
Dungeon (4/15)
 Temple: D:4-7

Altars:
Hepliaklqana
Wu Jian
Yredelemnul

Shops:
D:2 (


Innate Abilities, Weirdness & Mutations

You have hoof-like feet.
You sometimes gain a little power by taking damage.


Message History

An orc is nearby!
The orc closely misses you.
You barely miss the orc. The orc hits you with a +0 hand axe!
An orc is nearby!
You barely miss the orc. Your kick misses the orc. The orc closely misses you.
You hit the orc but do no damage. The orc hits you with a +0 hand axe.
An orc is nearby!
You barely miss the orc. The orc closely misses you.
You riposte.
You hit the orc.
You kill the orc!
Lugonu accepts your kill.
An ogre comes into view. It is wielding a +0 giant spiked club.
The ogre shouts!
Found a stone staircase leading down.
You see here a +0 hand axe.
An ogre is nearby!
You slash the ogre!
The ogre is moderately wounded.
The ogre hits you with a +0 giant spiked club!!
Ouch! That really hurt!
* * * LOW HITPOINT WARNING * * *
An ogre is nearby!
You are too injured to fight recklessly!
You are too injured to fight recklessly!
An ogre is nearby!
An ogre is nearby!
You are too injured to fight recklessly!
You are too injured to fight recklessly!
You are too injured to fight recklessly!
You are too injured to fight recklessly!
You slash the ogre!
The ogre is heavily wounded.
You closely miss the ogre. Your kick misses the ogre.
The ogre is heavily wounded.
The ogre barely misses you.
You riposte.
You hit the ogre.
The ogre is severely wounded.
You hit the ogre.
The ogre is almost dead.
The ogre hits you with a +0 giant spiked club!
You die...

..##... >......
...... ....# #
# ....# ##.##.
....#
......##O.#
#.....@..#
######)..#
#...###..
...####........
...............
#######.#......
#.#......
#.#......
#.#......


You could see an ogre.

Vanquished Creatures
  A black bear (D:2)
  Robin (D:2)
  3 gnolls
  An adder (D:2)
  3 worms
  An orc (D:4)
  3 bats
  4 endoplasms
  8 goblins
  9 hobgoblins
  2 jackals (D:1)
  3 kobolds
  5 quokkas (D:1)
  2 ball pythons (D:2)
  3 frilled lizards
  A giant cockroach zombie (D:3)
  A quokka zombie (D:3)
  10 rats
61 creatures vanquished.

Notes
Turn   | Place    | Note
-------+----------+-------------------------------------------
     0 | Abyss:1  | kae the Demonspawn Abyssal Knight began the quest for the
                  | Orb.
     0 | Abyss:1  | Reached XP level 1. HP: 18/18 MP: 2/2
    11 | Abyss:1  | Found a corrupted altar of Lugonu.
    70 | Abyss:1  | Noticed a small abomination
    72 | D:1      | Escaped the Abyss
   106 | D:1      | Reached skill level 2 in Long Blades
   115 | D:1      | Reached * piety under Lugonu
   117 | D:1      | Gained mutation: You have large cloven feet. [demonic
                  | ancestry]
   117 | D:1      | Reached XP level 2. HP: 21/24 MP: 3/3
   390 | D:1      | Reached skill level 3 in Long Blades
   721 | D:1      | You fall into a shaft and drop 1 floor!
   828 | D:2      | Noticed Robin
   831 | D:2      | Gained mutation: You have hoof-like feet. [demonic
                  | ancestry]
   831 | D:2      | Reached XP level 3. HP: 25/29 MP: 4/4
   846 | D:2      | Killed Robin
  1266 | D:2      | Noticed a black bear
  1364 | D:2      | Found Dainuex's Antique Weapon Boutique.
  1679 | D:2      | Found a faded altar of an unknown god.
  2037 | D:2      | Reached skill level 4 in Long Blades
  2037 | D:2      | Gained mutation: You sometimes gain a little power by
                  | taking damage. [demonic ancestry]
  2037 | D:2      | Reached XP level 4. HP: 33/35 MP: 5/5
  2366 | D:2      | Reached ** piety under Lugonu
  3637 | D:3      | Found an ornate altar of the Wu Jian Council.
  3714 | D:3      | Found a basalt altar of Yredelemnul.
  3808 | D:2      | Killed a black bear
  3809 | D:2      | Reached skill level 5 in Long Blades
  3809 | D:2      | Reached XP level 5. HP: 11/41 MP: 6/6
  4190 | D:4      | Found a hazy altar of Hepliaklqana.
  4260 | D:4      | Noticed an ogre
  4268 | D:4      | Slain by an ogre

Illustrated notes

Levels and vault maps discovered:
D:1:      co_arrival_square_in_a_square_in_a_square, layout_rooms
D:2:      layout_loops_corners, serial_shops, shop,
          ebering_ecumenical_altar_box, uniq_robin
D:3:      layout_loops_ring, marbit_many_paths, lemuel_zombie_altar_yredelemnul,
          minmay_parallelograms
D:4:      layout_basic, nicolae_hepliaklqana_hazy_memory, serial_shops,
          kennysheep_mini_moat

Skill      XL: |  1  2  3  4 |
---------------+-------------+-----
Long Blades    | 2 3 4 5 |  5.3
Fighting       | |  3.0
Armour         | |  1.7
Dodging        | |  0.8
Invocations    | |  2.4

Action                   |  1- 3 |  4- 6 || total
-------------------------+-------+-------++-------
Melee: Falchion          |   108 |    53 ||   161
       Kick              |    19 |    10 ||    29
Invok: Depart the Abyss  |     1 |       ||     1
  Use: Scroll            |       |     2 ||     2
 Stab: Sleeping          |       |     1 ||     1
Armor: Leather armour    |    24 |     7 ||    31
Dodge: Dodged            |    62 |    24 ||    86
       Rpst.: Falchion   |    18 |     5 ||    23

Table legend: (Time is in decaauts)
 A = Elapsed time spent in this place.
 B = Non-inter-level travel time spent in this place.
 C = Inter-level travel time spent in this place.
 D = Time resting spent in this place.
 E = Time spent auto-exploring this place.
 F = Levels seen in this place.
 G = Mean time per level.
                   A        B        C        D        E       F      G
               +--------+--------+--------+--------+--------+-----+--------+
         Total |   4288 |   4202 |     86 |    680 |   3146 |   5 |  857.6 |
       Dungeon |   4216 |   4130 |     86 |    680 |   3077 |   4 | 1054.0 |
         Abyss |     72 |     72 |      0 |      0 |     69 |   1 |   72.0 |
               +--------+--------+--------+--------+--------+-----+--------+

Top non-repeatable levels by time:
     D:2: 2169 daAuts
     D:1: 952 daAuts
     D:3: 895 daAuts
     D:4: 199 daAuts
 Abyss:1: 72 daAuts
